 Dungeon Crawl Stone Soup version 0.32-a0-128-g77eb882913 (webtiles) character file.

Game seed: 7756576967930155954

4732077 ragingrage the Portalist (level 27, 197/197 HPs)
             Began as a Spriggan Shapeshifter on Feb 7, 2024.
             Was an Initiate of Gozag.
             Escaped with the Orb
             ... and 7 runes
             ... and 2 gems (1 intact) on Feb 8, 2024!
             The game lasted 02:17:46 (86647 turns).

ragingrage the Portalist (Spriggan Shapeshifter)   Turns: 86647, Time: 02:17:46

Health: 197/197    AC: 37    Str: 12    XL:     27
Magic:  39/39      EV: 54    Int: 27    God:    Gozag
Gold:   11129      SH: 12    Dex: 34    Spells: 12/58 levels left

rFire   + . .        a - +8 demon blade "Leech" {evervamp, Harm ^Drain rN+}
rCold   + . .        D - +3 buckler {rF+}
rNeg    + + .        L - melded +2 robe {rF+}
rPois   ∞            N - +2 hat {Will+}
rElec   +            c - scarf of Disguise {repulsion, ^Contam Rampage Int+8}
rCorr   .            (gloves unavailable)
SInv    +            (boots unavailable)
Will    +++++        B - amulet of Symmetry {RegenMP Slay+2}
Stlth   +++          R - ring of Yesterday {rC+ Will+ Str+3 Dex+3}
HPRegen 0.52/turn    v - ring of Kirablo {Str+3 Dex+4 Slay+4}
MPRegen 0.66/turn

%: harm (+30% outgoing, +20% incoming), repel missiles, rampage
@: statue-form, studying 2 skills, very slow
A: slow and powerful, torment resistance 1, boosted hp, very small, no large
weapons, unfitting armour, see invisible, (speed 3), agile 1, clever 1,
deterioration 1, low MP 1, weak 1, persistent drain
0: Orb of Zot
}: 7/15 runes: decaying, slimy, silver, abyssal, demonic, dark, gossamer
a: Begin Untransformation, Renounce Religion, Potion Petition, Call Merchant,
Bribe Branch


You escaped.
You worshipped Gozag.
Gozag was extremely pleased with you.
You were a living statue of rough stone.
You visited 11 branches of the dungeon, and saw 53 of its levels.
You visited Pandemonium 1 time, and saw 12 of its levels.
You visited the Abyss 2 times.
You also visited: Ice Cave.

You collected 36326 gold pieces.
You spent 6030 gold pieces at shops.
You paid 19167 gold pieces to Gozag.

Inventory:

Hand Weapons
 a - the +8 demon blade "Leech" (weapon) {evervamp, Harm ^Drain rN+}
   (You acquired it on level 3 of the Vaults)

   rN+:       It protects you from negative energy.
   ^Drain:    It drains your maximum health when unequipped.
   Harm:      It increases damage dealt and taken.
 d - the +5 dagger of Agofrumo {venom, rN+ Str+2}
   (You bought it in a shop on level 1 of the Elven Halls)

   Str+2:     It affects your strength (+2).
   rN+:       It protects you from negative energy.
Missiles
 V - 8 curare-tipped darts
 W - 3 throwing nets
Armour
 c - the scarf of Disguise (worn) {repulsion, ^Contam Rampage Int+8}
   (You acquired it on level 4 of the Swamp)

   Int+8:     It affects your intelligence (+8).
   ^Contam:   It causes magical contamination when unequipped.
   Rampage:   It bestows one free step when moving towards enemies.
 D - a +3 buckler of fire resistance (worn)
 L - a +2 robe of fire resistance (melded)
 N - a +2 hat of willpower (worn)
Jewellery
 p - a ring of resist corrosion
 v - the ring of Kirablo (right fist) {Str+3 Dex+4 Slay+4}
   (You found it on level 3 of the Dungeon)

   [ring of slaying]

   Str+3:     It affects your strength (+3).
   Dex+4:     It affects your dexterity (+4).
   Slay+4:    It affects your accuracy & damage with ranged weapons and melee
   (+4).
 B - the amulet of Symmetry (around neck) {RegenMP Slay+2}
   (You took it off a tengu reaver on level 2 of the Depths)

   [amulet of magic regeneration]

   RegenMP:   It increases your rate of magic regeneration.
   Slay+2:    It affects your accuracy & damage with ranged weapons and melee
   (+2).
 F - a ring of protection from fire
 R - the ring of Yesterday (left fist) {rC+ Will+ Str+3 Dex+3}
   (You bought it in a shop on level 3 of the Elven Halls)

   [ring of willpower]

   Str+3:     It affects your strength (+3).
   Dex+3:     It affects your dexterity (+3).
   rC+:       It protects you from cold.
   Will+:     It increases your willpower.
Talismans
 P - a granite talisman (active)
Wands
 E - a wand of charming (88)
 K - a wand of iceblast (32)
 M - a wand of digging (36)
 U - a wand of quicksilver (19)
Scrolls
 e - 7 scrolls of teleportation
 f - 10 scrolls of revelation
 g - 11 scrolls of fear
 i - 4 scrolls of silence
 k - 13 scrolls of poison
 o - 8 scrolls of fog
 q - 5 scrolls of immolation
 r - 4 scrolls of noise
 t - 8 scrolls of vulnerability
 y - 5 scrolls of summoning
 J - 3 scrolls of blinking
 Q - a scroll of enchant armour
 Z - 6 scrolls of torment
Potions
 b - 2 potions of magic
 h - 8 potions of mutation
 l - 7 potions of enlightenment
 m - 11 potions of lignification
 n - 2 potions of brilliance
 s - 13 potions of heal wounds
 w - 21 potions of ambrosia
 z - 11 potions of attraction
 A - a potion of invisibility
 C - 24 potions of curing
 I - 4 potions of resistance
 O - 6 potions of cancellation
 S - 2 potions of berserk rage
 T - 4 potions of haste
 X - 6 potions of might
Miscellaneous
 j - a phantom mirror
 u - a tin of tremorstones (2/2)
 x - a lightning rod (4/4)
 G - a sack of spiders
 H - a phial of floods


   Skills:
 + Level 18.2 Fighting
 - Level 10.0(14.5) Short Blades
 - Level 13.1(14.0) Long Blades
 - Level 10.1 Ranged Weapons
 - Level 23.0 Dodging
 - Level 18.0 Stealth
 - Level 8.0 Shields
 - Level 2.4 Unarmed Combat
 - Level 16.2 Spellcasting
 - Level 5.0 Conjurations
 + Level 13.1 Hexes
 - Level 15.0 Necromancy
 - Level 24.8 Translocations
 - Level 4.4 Ice Magic
 - Level 2.0 Air Magic
 - Level 5.0 Earth Magic
 - Level 9.0 Alchemy
 - Level 20.0 Evocations
 - Level 23.0 Shapeshifting


You had 12 spell levels left.
You knew the following spells:

 Your Spells              Type           Power      Damage    Failure   Level
a - Fugue of the Fallen   Necr           80%        N/A       1%          3
b - Death Channel         Necr           40%        N/A       1%          6
d - Manifold Assault      Tloc           100%       N/A       0%          4
e - Apportation           Tloc           100%       N/A       0%          1
f - Blink                 Tloc           100%       N/A       0%          2
g - Ozocubu's Armour      Ice            45%        N/A       1%          3
h - Vhi's Electric Charg  Tloc/Air       100%       N/A       1%          4
i - Irradiate             Conj/Alch      28%        3d21      4%          5
j - Swiftness             Air            32%        N/A       3%          3
k - Enfeeble              Hex            37%        N/A       11%         7
l - Borgnjor's Vile Clut  Necr/Erth      33%        N/A       1%          5
m - Passwall              Erth           48%        N/A       1%          3

Your spell library contained the following spells:

 Spells                   Type           Power      Damage    Failure   Level
 Slow                     Hex            100%       N/A       0%          1
 Lesser Beckoning         Tloc           100%       N/A       0%          2
 Momentum Strike          Conj/Tloc      100%       3d10      0%          2
 Gell's Gravitas          Tloc           100%       N/A       0%          3
 Teleport Other           Tloc           100%       N/A       0%          3
 Dimensional Bullseye     Hex/Tloc       45%        N/A       0%          4
 Passage of Golubria      Tloc           100%       N/A       0%          4
 Foxfire                  Conj/Fire      100%       2x1d9     1%          1
 Freeze                   Ice            100%       1d10      1%          1
 Kiss of Death            Conj/Necr      100%       2d13      1%          1
 Magic Dart               Conj           100%       1d8       1%          1
 Sandblast                Erth           96%        2d20      1%          1
 Shock                    Conj/Air       100%       1d9       1%          1
 Cigotuvi's Dreadful Rot  Necr/Alch/Air  100%       N/A       1%          2
 Ensorcelled Hibernation  Hex/Ice        100%       N/A       1%          2
 Jinxbite                 Hex            100%       N/A       1%          2
 Mercury Vapours          Alch/Air       100%       N/A       1%          2
 Confusing Touch          Hex            75%        N/A       1%          3
 Dazzling Flash           Conj/Hex       100%       N/A       1%          3
 Frozen Ramparts          Ice            90%        1d14      1%          3
 Hailstorm                Conj/Ice       47%        3d10      1%          3
 Inner Flame              Hex/Fire       55%        N/A       1%          3
 Mephitic Cloud           Conj/Alch/Air  50%        N/A       1%          3
 Sigil of Binding         Hex            75%        N/A       1%          3
 Stone Arrow              Conj/Erth      96%        3d13      1%          3
 Tukima's Dance           Hex            75%        N/A       1%          3
 Vampiric Draining        Necr           80%        2d11      1%          3
 Volatile Blastmotes      Fire/Tloc      100%       2d18      1%          3
 Anguish                  Hex/Necr       39%        N/A       1%          4
 Cause Fear               Hex            37%        N/A       1%          4
 Dispel Undead            Necr           80%        3d26      1%          4
 Iskenderun's Mystic Bla  Conj/Tloc      80%        2d16      1%          4
 Leda's Liquefaction      Alch/Erth      28%        N/A       1%          4
 Petrify                  Alch/Erth      56%        N/A       1%          4
 Alistair's Intoxication  Alch           42%        N/A       1%          5
 Curse of Agony           Necr           80%        N/A       1%          5
 Summon Forest            Summ/Tloc      36%        N/A       1%          5
 Yara's Violent Unravell  Hex/Alch       34%        3d14      1%          5
 Disjunction              Tloc           51%        N/A       1%          8
 Metabolic Englaciation   Hex/Ice        31%        N/A       2%          5
 Brom's Barrelling Bould  Conj/Erth      48%        2d7       3%          4
 Silence                  Hex/Air        29%        N/A       3%          5
 Call Imp                 Summ           42%        N/A       4%          2
 Scorch                   Fire           42%        2d6       4%          2
 Ignite Poison            Fire/Alch      46%        N/A       4%          4
 Sticky Flame             Fire/Alch      46%        2d9       4%          4
 Summon Mana Viper        Hex/Summ       55%        N/A       5%          5
 Animate Armour           Summ/Erth      70%        N/A       11%         4
 Flame Wave               Conj/Fire      35%        2d10      11%         4
 Lee's Rapid Deconstruct  Erth           24%        3d13*     11%         5
 Freezing Cloud           Conj/Ice/Air   21%        6-21      17%         5
 Arcjolt                  Conj/Air       20%        1d30      19%         5
 Fireball                 Conj/Fire      17%        3d9       28%         5
 Infestation              Necr           40%        N/A       38%         8
 Bombard                  Conj/Erth      24%        9d5       50%         6
 Conjure Ball Lightning   Conj/Air       20%        3x3d6     71%         6
 Haunt                    Necr/Summ      29%        N/A       75%         7
 Starburst                Conj/Fire      17%        6d6       85%         6
 Plasma Beam              Fire/Air       13%        2x1d24    96%         6
 Ozocubu's Refrigeration  Ice            22%        4d12      98%         7
 Summon Cactus Giant      Summ           10%        N/A       99%         6
 Monstrous Menagerie      Summ           10%        N/A       100%        7
 Ignition                 Fire           10%        3d5       100%        8
 Lehudib's Crystal Spear  Conj/Erth      24%        10d7      100%        8
 Maxwell's Capacitive Co  Air            16%        ∞         100%        8
 Chain Lightning          Conj/Air       20%        3d26      100%        9
 Dragon's Call            Summ           10%        N/A       100%        9
 Fire Storm               Conj/Fire      17%        8d5       100%        9
 Polar Vortex             Ice            22%        12d3*     100%        9
 Shatter                  Erth           24%        3d21*     100%        9
 Sublimation of Blood     Necr           Unusable   N/A       N/A         2
 Animate Dead             Necr           Unusable   N/A       N/A         4

Dungeon Overview and Level Annotations

Branches:
Dungeon (15/15)            Temple (1/1) D:4            Lair (5/5) D:8
  Swamp (4/4) Lair:3       Spider (4/4) Lair:3        Slime (5/5) Lair:5
    Orc (2/2) D:9             Elf (3/3) Orc:2        Vaults (5/5) D:14
  Crypt (0/3) Vaults:3     Depths (4/4) D:15            Zot (5/5) Depths:4
  IceCv (visited)

Altars:
Ashenzari
Cheibriados
Dithmenos
Elyvilon
Fedhas
Gozag
Hepliaklqana
Kikubaaqudgha
Makhleb
Nemelex Xobeh
Okawaru
Qazlal
Ru
Sif Muna
Trog
Uskayaw
Vehumet
Wu Jian
Xom
Yredelemnul
Zin
The Shining One
Jiyva

Shops:
D:5 *   D:8 *[[=*   D:10 :   Orc:2 (?:(   Elf:1 ***!   Elf:3 =   Vaults:3 (
Vaults:4 [

Portals:
Hell: Depths:1 Depths:2 Depths:3 Depths:4
Abyss: Depths:3
Pandemonium: Depths:2 Depths:4
Ziggurat: Depths:3

Annotations:
Vaults:4 exclusion: downstairs


Innate Abilities, Weirdness & Mutations

You are a living statue of rough stone.
Your actions are slow, but your melee attacks are powerful.
You are resistant to unholy torment.
Your maximum health is greatly increased.
Your equipment is partially melded.
You are very small and have problems with some larger weapons.
You are too small for most types of armour.
You are immune to poison.
You have supernaturally acute eyesight. (SInv)
((You cover ground extremely quickly. (Speed+++)))
You are agile. (Dex +4, Str/Int -1)
Your mind is acute. (Int +4, Str/Dex -1)
Your body sometimes deteriorates upon taking damage.
Your magical capacity is low. (-10% MP)
You are weak. (Str -2)
Your health recovers twice as slowly from being drained.


Message History

A neqoxec comes into view.
There is a stone staircase leading down here.
You rampage towards the neqoxec!
You rampage towards the neqoxec!
You slice the neqoxec!! The neqoxec completely misses you.
You chop the neqoxec into pieces!!!
You kill the neqoxec!
No target in view!
(D) Dungeon (T) Temple (L) Lair (S) Swamp (N) Spider Nest (M) Slime Pits (O) Orcish Mines (E) Elven Halls (V) Vaults (C) Crypt (U) Depths (H) Hell (Z) Zot
Where to? (Tab/Enter - D:1 @ (x,y), ? - help)
A sun demon comes into view.
You rampage towards the sun demon!
You block the sun demon's attack.
You slice the sun demon!! You block the sun demon's attack.
You closely miss the sun demon. You block the sun demon's attack.
You open the sun demon like a pillowcase!!!
You kill the sun demon!
No target in view!
(D) Dungeon (T) Temple (L) Lair (S) Swamp (N) Spider Nest (M) Slime Pits (O) Orcish Mines (E) Elven Halls (V) Vaults (C) Crypt (U) Depths (H) Hell (Z) Zot
Where to? (Tab/Enter - D:1 @ (x,y), ? - help)
An orange demon comes into view.
You rampage towards the orange demon!
You completely miss the orange demon.
The orange demon completely misses you. x2
You slice the orange demon!!
The orange demon completely misses you. x2
You open the orange demon like a pillowcase!!!
You kill the orange demon!
(D) Dungeon (T) Temple (L) Lair (S) Swamp (N) Spider Nest (M) Slime Pits (O) Orcish Mines (E) Elven Halls (V) Vaults (C) Crypt (U) Depths (H) Hell (Z) Zot
Where to? (Tab/Enter - D:1 @ (x,y), ? - help)
You open the door.
There is an open door here.
There is a staircase leading out of the dungeon here.
You have escaped!

##########
#######........#
#..............###
#.#####'#####....#####
#.#PPP#.#PPP#.##.....#
#.#P⌠P#.#P⌠P#.##.###.#
#.#PPP#.#PPP#.##.# #.###
##.#####.#####.#..# #....
#..+....I....+...## #.###
#..#####.#####^### ##.#
#..#PPP#.#PPP#.# #..#
#..#P⌠P#.#P⌠P#.# #.## #
#..#PPP#.#PPP#.# #.# ##
#..#####'#####.# #.###.
#..............# #.....
#...#.##.###########)###.
###......# #......÷# #.


There were no monsters in sight!

Vanquished Creatures
  the Royal Jelly (Slime:5)
  Gloorx Vloq (Pan)
  Frederick (Vaults:4)
  2 dread liches (Vaults:5)
  2 juggernauts (Depths:3)
  4 pandemonium lords (Pan)
  Saint Roka (Vaults:4)
  The ghost of Ycsaax the Executioner, a veteran MiBe of Trog (Depths:4)
  4 golden dragons
  Norris (Elf:3)
  2 electric golems
  2 Tzitzimimeh (Pan)
  A bone dragon (Depths:4)
  Zenata (Elf:3)
  Jorgrun (D:13)
  2 Ice Fiends
  6 liches
  5 tentacled monstrosities
  Mlioglotl (Swamp:4)
  3 titans (Vaults:5)
  A Hell Sentinel (Pan)
  2 deep elf blademasters (Elf:3)
  2 Orb Guardians
  A deep elf master archer (Elf:3)
  Asterion (Elf:3)
  3 quicksilver dragons
  5 sphinxes
  8 acid blobs
  3 walking frostbound tomes (Pan)
  3 tentacled starspawn
  7 shadow dragons
  2 ancient champions (Depths:2)
  A thorn hunter (Swamp:4)
  A death cob (Zot:5)
  29 Executioners
  Kirke (Swamp:1)
  Roxanne (Swamp:2)
  8 storm dragons
  Aizul (Spider:3)
  A revenant (Vaults:3)
  14 tengu reavers
  7 fire giants
  A draconian knight (Zot:3)
  12 rockslimes
  3 demonspawn warmongers (Pan)
  4 azure jellies (Slime:5)
  11 frost giants
  A draconian shifter (Zot:3)
  A fenstrider witch (Lair:3)
  4 emperor scorpions
  8 deep elf sorcerers
  2 curse skulls (Pan)
  16 vault wardens
  10 balrugs
  Louise (Swamp:2)
  4 deep elf elementalists (Elf:3)
  2 ghost moths
  A draconian stormcaller (Depths:4)
  4 caustic shrike skeletons (Pan)
  6 demonspawn corrupters (Pan)
  13 cacodemons
  2 draconian annihilators
  2 orc warlords
  9 quicksilver oozes
  26 reapers
  19 very ugly things
  2 vampire knights
  7 formless jellyfish
  3 broodmothers
  A green draconian (Zot:3)
  13 stone giants
  5 demonspawn blood saints (Pan)
  30 ironbound preservers
  8 juggernaut skeletons (Pan)
  4 ironbound thunderhulks
  5 deep elf death magi
  2 white draconians
  10 deep elf demonologists
  2 yellow draconians
  14 deep elf annihilators
  11 demonspawn black suns (Pan)
  2 red draconians
  6 black draconians
  10 lorocyprocas
  6 spark wasps
  4 eleionomae
  13 dire elephants
  A bunyip (Swamp:4)
  A war gargoyle (Vaults:5)
  A purple draconian (Zot:3)
  14 ettins
  15 blizzard demons (Pan)
  9 green deaths
  5 fire dragons
  10 jiangshi
  3 crystal guardians
  A merfolk javelineer (Depths:2)
  5 deep elf high priests
  A quicksilver dragon zombie (Depths:3)
  5 entropy weavers
  Fannar (Lair:1)
  4 peacekeepers
  6 great orbs of eyes
  5 rakshasas
  A mummy priest (Depths:2)
  2 shambling mangroves
  3 ghost crabs
  16 yaktaur captains
  27 vault guards
  Harold (Lair:1)
  5 ironbound frosthearts
  2 jorogumos
  2 radroaches
  6 ice dragons
  A caustic shrike simulacrum (IceCv)
  3 spriggan air magi
  8 hell beasts
  18 alligators
  21 hydras
  5 catoblepae
  4 ogre magi
  Erolcha (Orc:2)
  15 centaur warriors
  31 dancing weapons
  8 two-headed ogres
  10 boulder beetles
  A fenstrider witch skeleton (Abyss:1)
  5 tengu warriors
  4 deep troll earth magi
  6 deep troll shamans
  8 spriggan berserkers
  25 demonic crawlers
  7 death yaks (Lair:5)
  A hell hog (Depths:2)
  4 vampire magi
  A thrashing horror (Abyss:4)
  9 hell knights
  An occultist (D:15)
  4 orc high priests
  15 deep elf knights
  7 iron trolls
  20 soul eaters
  5 skysharks
  9 pharaoh ants
  2 shadow wraiths
  36 sun demons
  Amaemon (Lair:1)
  12 sixfirhies
  12 skeletal warriors
  4 goliath frogs
  A death drake (shapeshifter) (Elf:3)
  10 hellephant skeletons (Pan)
  4 wretched stars
  5 orb spiders
  4 flayed ghosts
  3 spriggan druids
  A quicksilver dragon simulacrum (Depths:3)
  2 spatial maelstroms (Abyss:4)
  2 salamander mystics (Depths:2)
  A swamp dragon (shapeshifter) (Elf:1)
  7 glowing orange brains
  5 shadow demons
  62 deep trolls
  2 obsidian statues
  13 ironbound convokers
  5 necromancers
  Pikel (D:7)
  7 steelbarb worms
  A storm dragon skeleton (Depths:2)
  8 arcanists
  5 lindwurms
  A lindwurm (shapeshifter) (Vaults:3)
  3 phantasmal warriors (Vaults:5)
  9 spriggan simulacra (IceCv)
  12 swamp dragons
  9 bog bodies
  10 deep elf archers
  A harpy (shapeshifter) (D:14)
  8 orc knights
  2 tengu zombies
  35 deep elf pyromancers
  40 deep elf zephyrmancers
  6 salamanders (Depths:2)
  17 wolf spiders
  5 will-o-the-wisps
  35 ugly things
  Maurice (D:12)
  2 manticores
  6 cyclopes
  12 orc sorcerers
  7 kobold blastminers
  A worldbinder (Abyss:2)
  A frost giant zombie (Depths:2)
  3 black mambas
  A guardian serpent (shapeshifter) (D:14)
  10 moths of wrath
  5 rust devils
  14 elephants
  A frost giant skeleton (Depths:2)
  4 torpor snails
  23 vault sentinels
  15 meliai
  31 large abominations
  4 Executioner simulacra (Pan)
  A toenail golem (Pan)
  An eye of devastation (Abyss:4)
  17 smoke demons
  5 ice statues (Pan)
  11 cane toads
  3 gargoyles
  2 cane toads (shapeshifter)
  4 hellions (Pan)
  14 orange demons
  2 rime drakes (Lair:4)
  3 anaconda simulacra (IceCv)
  5 kobold demonologists
  A tormentor (Depths:4)
  3 unseen horrors
  7 tengu conjurers
  33 yaktaurs
  5 efreet
  9 freezing wraiths
  Psyche (D:8)
  A golden dragon simulacrum (IceCv)
  19 ice devils
  6 komodo dragons
  6 red devils
  2 ancient zymes (Abyss:2)
  3 trolls
  5 hellwings (Pan)
  2 queen bees
  3 bloated husks (Swamp:4)
  3 polar bears
  28 hornets
  A merfolk (shapeshifter) (Vaults:5)
  8 tyrant leeches
  A tarantella (shapeshifter) (Vaults:5)
  An alligator simulacrum (IceCv)
  25 tarantellas
  A spriggan zombie (Depths:2)
  A tengu simulacrum (Depths:2)
  15 blink frogs
  97 slime creatures
  A glass eye (D:12)
  Sigmund (D:5)
  A slime creature (shapeshifter) (Depths:4)
  A centaur simulacrum (D:14)
  A dire elephant simulacrum (IceCv)
  13 ynoxinuls
  3 air elementals
  12 culicivoras
  4 spriggans
  20 jumping spiders
  2 shadows
  7 water elementals
  A vampire (D:14)
  A fire bat (D:10)
  4 wraiths
  58 yaks
  5 basilisks
  A fire elemental (Elf:1)
  2 humans (D:14)
  17 neqoxecs
  5 wyverns
  A hog (Swamp:1)
  A golden eye (Slime:5)
  10 starcursed masses
  2 steam dragons
  3 wargs
  6 chaos spawn
  53 redbacks
  27 vampire mosquitoes
  Edmund (D:5)
  7 minotaur simulacra (IceCv)
  7 spatial vortices (Abyss:4)
  18 swamp worms
  3 acid dragons
  A glowing shapeshifter zombie (Depths:3)
  10 water moccasins
  A hell hound (D:10)
  A human skeleton (Depths:2)
  8 swamp drakes
  An elephant zombie (D:6)
  3 black bears
  3 laughing skulls
  An ettin simulacrum (IceCv)
  28 orc warriors
  An ice beast (D:6)
  3 sky beasts
  8 ogres
  22 wolves
  12 centaurs
  3 boggarts
  A phantom (D:6)
  A weeping skull (Abyss:3)
  4 lemures (D:7)
  6 kobold brigands
  2 gnoll sergeants
  An earth elemental (Elf:1)
  A necrophage (D:4)
  8 bullfrogs
  5 deep troll simulacra (IceCv)
  4 scorpions
  6 small abominations
  17 wights
  54 killer bees
  3 lindwurm simulacra (IceCv)
  9 electric eels
  5 howler monkeys
  A bullfrog zombie (D:4)
  3 bombardier beetles
  A crimson imp (Abyss:5)
  3 centaur zombies (D:6)
  2 quasits
  A human zombie (D:4)
  4 jellies
  2 gnoll boudas
  18 orc priests
  Crazy Yiuf (D:5)
  2 hounds
  4 sleepcaps
  Ijyb (D:5)
  Natasha (thrice) (D:4)
  4 iguanas
  39 orc wizards
  A killer bee zombie (D:6)
  5 hound zombies
  2 howler monkey zombies (D:6)
  A mummy (D:4)
  11 adders
  21 gnolls
  5 adder zombies
  5 ribbon worms
  3 dart slugs
  77 orcs
  12 bats
  9 endoplasms
  A giant cockroach (D:1)
  9 goblins
  7 hobgoblins
  11 jackals
  16 kobolds
  3 quokkas
  6 ball pythons
  3 frilled lizards
  A quokka zombie (D:4)
  8 rats
  4 starspawn tentacles (Abyss:4)
2620 creatures vanquished.

Vanquished Creatures (collateral kills)
  A dread lich (Zot:5)
  An orb of fire (Zot:5)
  An ancient lich (Zot:5)
  3 Killer Klowns (Zot:5)
  Arachne (Spider:2)
  An electric golem (Zot:5)
  A walking earthen tome (Depths:3)
  4 Orb Guardians (Zot:5)
  A tentacled monstrosity (Vaults:5)
  A lich (Vaults:5)
  6 acid blobs
  A shadow dragon (Vaults:5)
  A thorn hunter (Swamp:4)
  A death cob (Zot:5)
  A storm dragon (Vaults:5)
  2 tengu reavers (Vaults:5)
  3 azure jellies (Slime:5)
  A demonspawn warmonger (Pan)
  An iron dragon (Vaults:5)
  2 ghost moths
  A frost giant (Vaults:5)
  A reaper (Pan)
  2 draconian annihilators
  A stone giant (Vaults:5)
  An ironbound preserver (Vaults:5)
  2 quicksilver oozes (Slime:5)
  3 very ugly things
  A deep elf demonologist (Vaults:5)
  A purple draconian (Zot:5)
  2 black draconians
  2 white draconians
  3 ettins
  An entropy weaver (Spider:4)
  2 blizzard demons
  2 fire dragons (Zot:4)
  A great orb of eyes (Slime:5)
  A yaktaur captain (Vaults:5)
  2 ice dragons
  4 vault guards (Vaults:5)
  A spriggan air mage (Depths:3)
  A ghost crab (Swamp:3)
  An ogre mage (Vaults:5)
  A deep troll shaman (Depths:2)
  A soul eater (Zot:4)
  A sun demon (Depths:4)
  A skeletal warrior (Depths:2)
  A sixfirhy (Depths:4)
  2 shadow demons
  A swamp dragon (Swamp:4)
  An orb spider (Spider:2)
  A glowing orange brain (Depths:2)
  6 deep trolls
  A necromancer (Depths:2)
  3 phantasmal warriors (Vaults:5)
  A steelbarb worm (Lair:3)
  An ironbound convoker (Vaults:5)
  2 moths of wrath (Zot:5)
  A smoke demon (Pan)
  A cane toad (Lair:1)
  An orange demon (Zot:4)
  A red devil (Zot:2)
  An ice devil (Pan)
  A hellwing (Depths:4)
  A frost giant simulacrum (Depths:3)
  7 slime creatures
  A jumping spider (Lair:3)
  4 yaks
  A bullfrog (Lair:1)
114 creatures vanquished.

Vanquished Creatures (others)
  An ancient lich (Zot:5)
  2 Killer Klowns (Zot:5)
  2 golden dragons
  2 tentacled monstrosities (Zot:2)
  9 Orb Guardians (Zot:5)
  A quicksilver dragon (Zot:5)
  A pandemonium lord (Pan)
  2 death cobs
  A fenstrider witch (Swamp:4)
  3 draconian scorchers
  A draconian annihilator (Zot:4)
  A green draconian (Zot:5)
  A purple draconian (Zot:4)
  A black draconian (Zot:4)
  2 yellow draconians
  2 lorocyprocas (Pan)
  A red draconian (Zot:4)
  3 moths of wrath
  A black mamba (Lair:1)
  3 bloated husks
  A tarantella (Lair:3)
  2 humans (Swamp:1)
  A crimson imp (Abyss:5)
  A killer bee zombie (D:6)
  16 foxfires
  5 starspawn tentacles
66 creatures vanquished.

Grand Total: 2800 creatures vanquished

Notes
Turn   | Place    | Note
-------+----------+-------------------------------------------
     0 | D:1      | ragingrage the Spriggan Shapeshifter began the quest for
                  | the Orb.
     0 | D:1      | Reached XP level 1. HP: 9/9 MP: 2/2
    30 | D:1      | Reached skill level 1 in Stealth
   138 | D:1      | Reached XP level 2. HP: 14/14 MP: 3/3
   388 | D:1      | Reached skill level 1 in Short Blades
   445 | D:1      | Reached XP level 3. HP: 17/17 MP: 4/4
   951 | D:2      | Found a radiant altar of Vehumet.
  1232 | D:2      | Reached XP level 4. HP: 10/21 MP: 5/5
  2065 | D:3      | Identified the ring of Kirablo {Str+3 Dex+4 Slay+4}
  2129 | D:3      | Reached XP level 5. HP: 25/25 MP: 6/6
  2174 | D:3      | Reached skill level 1 in Ranged Weapons
  2819 | D:3      | Reached XP level 6. HP: 22/29 MP: 7/7
  2901 | D:3      | Found a glowing golden altar of the Shining One.
  3032 | D:4      | Identified the amulet of Qose Ineng {Spirit rPois Dex+3}
  3070 | D:4      | Found a blossoming altar of Fedhas.
  3164 | D:4      | Found a staircase to the Ecumenical Temple.
  3181 | D:4      | Reached skill level 5 in Short Blades
  3204 | Temple   | Entered the Ecumenical Temple
  3218 | Temple   | Became a worshipper of Gozag Ym Sagoz the Greedy
  3276 | D:4      | Noticed Natasha
  3278 | D:4      | Killed Natasha
  3405 | D:4      | Reached XP level 7. HP: 32/32 MP: 8/8
  3470 | D:4      | Noticed Natasha
  3480 | D:4      | Killed Natasha
  3493 | D:4      | Noticed Natasha
  3508 | D:4      | Killed Natasha
  3658 | D:4      | Reached skill level 1 in Fighting
  3669 | D:4      | Found a basalt altar of Yredelemnul.
  3809 | D:5      | Entered Level 5 of the Dungeon
  3813 | D:5      | Noticed Ijyb
  3820 | D:5      | Killed Ijyb
  3821 | D:5      | Reached skill level 5 in Dodging
  3849 | D:5      | Noticed Edmund
  3908 | D:5      | Killed Edmund
  3909 | D:5      | Reached XP level 8. HP: 40/40 MP: 9/9
  3923 | D:5      | Found Mufal's General Store.
  3926 | D:5      | Bought a book of Burglary for 220 gold pieces
  3929 | D:5      | Learned a level 2 spell: Ensorcelled Hibernation
  3933 | D:5      | Learned a level 3 spell: Passwall
  4069 | D:5      | Reached skill level 1 in Hexes
  4124 | D:5      | Found a runed translucent door.
  4125 | D:5      | Noticed Crazy Yiuf
  4330 | D:5      | Noticed Sigmund
  4339 | D:5      | Killed Sigmund
  5295 | D:5      | Killed Crazy Yiuf
  5426 | D:6      | Reached skill level 5 in Hexes
  5536 | D:6      | Reached XP level 9. HP: 44/44 MP: 10/10
  5953 | D:6      | Identified the serpent talisman of Ylezazo {rElec Will+
                  | Str+3 Int+5}
  6289 | D:6      | Found a basalt altar of Yredelemnul.
  6329 | D:6      | Reached skill level 10 in Short Blades
  6429 | D:6      | Reached skill level 1 in Evocations
  6585 | D:6      | Found a burning altar of Makhleb.
  6595 | D:6      | Found a sparkling altar of Nemelex Xobeh.
  6702 | D:6      | Got the Omnibus of Felsic Hoarfrost
  7168 | D:7      | Reached skill level 5 in Stealth
  7297 | D:7      | Noticed Pikel
  7360 | D:7      | Found an ornate altar of the Wu Jian Council.
  7718 | D:7      | Found an iron altar of Okawaru.
  7782 | D:7      | Reached skill level 1 in Ice Magic
  8441 | D:7      | Reached XP level 10. HP: 49/49 MP: 11/11
  8465 | D:7      | Killed Pikel
  8506 | D:8      | Noticed Psyche
  8506 | D:8      | Found Ariwn's Antique Armour Shoppe.
  8512 | D:8      | Killed Psyche
  8525 | D:8      | Bought an embroidered hat for 189 gold pieces
  8701 | D:8      | Found Isips's General Store.
  8793 | D:8      | Found a staircase to the Lair.
  8871 | D:8      | Found Qigoen Myph's Antique Armour Shoppe.
  9150 | D:8      | Found Kacemupa's General Store.
  9157 | D:8      | Bought a potion of curing for 48 gold pieces
  9336 | D:8      | Found Myzolimi's Jewellery Shoppe.
  9783 | D:9      | Found a radiant altar of Vehumet.
  9832 | D:9      | Reached skill level 5 in Fighting
  9871 | D:9      | Found a hazy altar of Hepliaklqana.
  9891 | D:9      | Found a staircase to the Orcish Mines.
  9964 | D:9      | Noticed a two-headed ogre
  9980 | D:9      | Killed a two-headed ogre
 10162 | D:9      | Reached skill level 10 in Stealth
 10169 | D:9      | Reached XP level 11. HP: 55/55 MP: 12/12
 10343 | D:9      | Reached skill level 5 in Ranged Weapons
 10343 | D:9      | Reached skill level 10 in Dodging
 10636 | D:10     | Entered Level 10 of the Dungeon
 10827 | D:10     | Learned a level 2 spell: Jinxbite
 10900 | D:10     | Found a shimmering altar of Xom.
 11084 | D:10     | Found Qeret's Book Shoppe.
 11361 | D:11     | Noticed a boulder beetle
 11384 | D:11     | Killed a boulder beetle
 12163 | Lair:1   | Entered Level 1 of the Lair of Beasts
 12448 | Lair:1   | Reached XP level 12. HP: 60/60 MP: 13/13
 12615 | Lair:1   | Noticed Fannar
 12648 | Lair:1   | Killed Fannar
 12649 | Lair:1   | Reached skill level 5 in Evocations
 12725 | Lair:1   | Noticed Harold
 12764 | Lair:1   | Killed Harold
 12944 | Lair:1   | Noticed Amaemon
 12981 | Lair:1   | Killed Amaemon
 13144 | Lair:1   | Reached skill level 10 in Ranged Weapons
 13783 | Lair:2   | Found the +2 ratskin cloak {*Rats rPois rN+ Str-1 Int-1
                  | Dex+1}
 14373 | Lair:3   | Noticed an ice dragon
 14393 | Lair:3   | Killed an ice dragon
 14810 | Lair:3   | Reached XP level 13. HP: 55/65 MP: 11/14
 15008 | Lair:3   | Found a staircase to the Swamp.
 15055 | Lair:3   | Found a hole to the Spider Nest.
 15536 | Lair:4   | You fall into a shaft and drop 1 floor!
 15536 | Lair:5   | Entered Level 5 of the Lair of Beasts
 15536 | Lair:5   | Found a viscous altar of Jiyva.
 15536 | Lair:5   | Found a staircase to the Slime Pits.
 16689 | Lair:5   | Reached skill level 15 in Dodging
 16733 | Lair:5   | Reached skill level 1 in Long Blades
 17175 | Lair:5   | Got an earthy gem with 149 turns to spare
 17394 | Lair:4   | Lost the earthy gem through the power of Zot.
 17453 | Lair:4   | Reached XP level 14. HP: 74/74 MP: 15/15
 18801 | D:12     | Identified the +10 mace of the Pariah {vamp, Str+4}
 19543 | D:12     | Noticed Maurice
 19585 | D:12     | Killed Maurice
 19811 | D:12     | Reached skill level 5 in Long Blades
 19939 | D:13     | Noticed Jorgrun
 20226 | D:13     | Reached skill level 10 in Fighting
 20733 | D:10     | Bought a manual of Spellcasting for 1040 gold pieces
 20733 | D:10     | Bought a book of Battle for 338 gold pieces
 20738 | D:10     | Learned a level 4 spell: Manifold Assault
 20841 | D:13     | Reached skill level 1 in Spellcasting
 21071 | D:13     | Killed Jorgrun
 21548 | D:14     | Reached skill level 1 in Translocations
 21711 | D:14     | Reached skill level 2 in Translocations
 21911 | D:14     | Reached skill level 5 in Spellcasting
 21911 | D:14     | Reached skill level 3 in Translocations
 22239 | D:14     | Reached skill level 4 in Translocations
 22391 | D:14     | Found a shimmering blue altar of Sif Muna.
 22424 | D:14     | Reached skill level 5 in Translocations
 22650 | D:14     | Reached XP level 15. HP: 80/80 MP: 25/25
 22812 | D:14     | Reached skill level 6 in Translocations
 22951 | D:14     | Reached skill level 7 in Translocations
 22957 | D:14     | Noticed a tengu reaver
 23156 | D:14     | You fall into a shaft and drop 1 floor!
 23156 | D:15     | Entered Level 15 of the Dungeon
 23398 | D:15     | Reached skill level 8 in Translocations
 24143 | D:15     | Found the +0 pair of fencer's gloves {Riposte Dex+3}
 24169 | D:15     | Reached skill level 9 in Translocations
 24345 | D:15     | Found a staircase to the Depths.
 25204 | Swamp:1  | Entered Level 1 of the Swamp
 25204 | Swamp:1  | Noticed a fenstrider witch
 25214 | Lair:3   | Killed a fenstrider witch
 25218 | Lair:3   | Reached skill level 10 in Translocations
 25607 | Swamp:1  | Noticed Kirke
 25612 | Swamp:1  | Killed Kirke
 26098 | Swamp:1  | Reached skill level 10 in Spellcasting
 26246 | Swamp:1  | Reached skill level 11 in Translocations
 26504 | Lair:3   | Learned a level 3 spell: Ozocubu's Armour
 26605 | Swamp:1  | Noticed a tentacled monstrosity
 26638 | Swamp:1  | Killed a tentacled monstrosity
 27265 | Swamp:2  | Reached skill level 12 in Translocations
 27661 | Swamp:2  | Noticed Roxanne
 27767 | Swamp:2  | Noticed Louise
 28669 | Swamp:2  | Killed Louise
 29237 | Swamp:2  | Reached skill level 5 in Shapeshifting
 29382 | Swamp:2  | Reached skill level 13 in Translocations
 30775 | Swamp:3  | Found an ancient bone altar of Kikubaaqudgha.
 30783 | Swamp:3  | Reached XP level 16. HP: 85/85 MP: 7/33
 31003 | Swamp:3  | Reached skill level 14 in Translocations
 31401 | Swamp:3  | Found a glacial archway.
 31409 | IceCv    | Entered an ice cave
 32989 | IceCv    | Noticed an Ice Fiend
 33436 | IceCv    | Killed an Ice Fiend
 33530 | IceCv    | Reached skill level 15 in Translocations
 34339 | Swamp:3  | Identified a scroll of acquirement
 34790 | Swamp:4  | Entered Level 4 of the Swamp
 35280 | Swamp:4  | Acquired 1183 gold pieces
 36683 | Swamp:2  | Killed Roxanne
 37096 | Swamp:4  | Reached skill level 16 in Translocations
 37392 | Swamp:4  | Reached skill level 10 in Long Blades
 37981 | Swamp:4  | Noticed a thorn hunter
 37991 | Swamp:4  | Killed a thorn hunter
 37992 | Swamp:4  | Reached skill level 10 in Shapeshifting
 38758 | Swamp:4  | Noticed Mlioglotl
 39193 | Spider:1 | Entered Level 1 of the Spider Nest
 39892 | Lair:3   | Reached XP level 17. HP: 83/89 MP: 3/35
 40233 | Lair:3   | Found a staircase to the Swamp.
 42127 | Spider:1 | Reached skill level 1 in Shields
 43935 | Spider:2 | Noticed Arachne
 43967 | Spider:2 | Killed Arachne
 47590 | Swamp:4  | Reached skill level 15 in Shapeshifting
 47714 | Swamp:4  | Acquired the scarf of Disguise {repulsion, ^Contam Rampage
                  | Int+8}
 47888 | Swamp:4  | Got a decaying rune of Zot
 48533 | Spider:3 | Identified the serpent talisman of Card Tricks {Dex+3}
 48533 | Spider:3 | Noticed Aizul
 48540 | Spider:3 | Killed Aizul
 49476 | Spider:4 | Entered Level 4 of the Spider Nest
 50397 | Spider:4 | Reached XP level 18. HP: 93/93 MP: 22/36
 50876 | Spider:4 | Got a gossamer rune of Zot
 51660 | D:14     | Got the Book of Violence
 51877 | D:14     | Found a gate to the Vaults.
 52180 | Vaults:1 | Entered Level 1 of the Vaults
 52488 | Vaults:1 | Reached skill level 17 in Translocations
 52820 | Vaults:1 | Reached skill level 15 in Spellcasting
 53752 | Vaults:2 | Reached XP level 19. HP: 74/102 MP: 6/40
 54656 | Vaults:2 | Reached skill level 10 in Evocations
 55388 | Vaults:3 | Reached skill level 1 in Necromancy
 55950 | Vaults:3 | Found a staircase to the Crypt.
 55994 | Vaults:3 | Acquired the +8 demon blade "Leech" {evervamp, Harm ^Drain
                  | rN+}
 55994 | Vaults:3 | Found the +8 demon blade "Leech" {evervamp, Harm ^Drain
                  | rN+}
 56269 | Vaults:3 | Identified the +3 spear of Veme {drain, rElec}
 56293 | Vaults:3 | Found Byet's Antique Weapon Emporium.
 56586 | Vaults:3 | Reached XP level 20. HP: 107/107 MP: 35/41
 56592 | Vaults:3 | Reached skill level 5 in Shields
 56909 | Vaults:4 | Found Ludeafio's Antique Armour Shoppe.
 56916 | Vaults:4 | Bought a jewelled cloak for 342 gold pieces
 56916 | Vaults:4 | Identified the +1 cloak of Atheism {rPois Will+ Str+5
                  | Int-4} (You bought it in a shop on level 4 of the Vaults)
 57577 | Vaults:4 | Identified the orb "Wicet" {*channel, Str+3 Slay+3}
 57577 | Vaults:4 | Noticed Frederick
 57578 | Vaults:4 | Noticed Saint Roka
 57926 | Vaults:4 | Killed Saint Roka
 57990 | Vaults:4 | Reached skill level 5 in Necromancy
 58206 | Vaults:5 | Entered Level 5 of the Vaults
 58234 | Vaults:4 | Killed Frederick
 58509 | Vaults:5 | Noticed a dread lich
 58883 | Orc:1    | Entered Level 1 of the Orcish Mines
 59180 | Orc:1    | Learned a level 1 spell: Apportation
 59183 | Orc:1    | Learned a level 2 spell: Blink
 59187 | Orc:1    | Learned a level 3 spell: Fugue of the Fallen
 59199 | Orc:2    | Entered Level 2 of the Orcish Mines
 59219 | Orc:2    | Reached skill level 1 in Earth Magic
 59293 | Orc:2    | Found a staircase to the Elven Halls.
 59768 | Orc:2    | Found Unotuox's Weapon Emporium.
 59904 | Orc:2    | Found Elaxt's Antique Weapon Boutique.
 59973 | Orc:2    | Found a radiant altar of Vehumet.
 59973 | Orc:2    | Noticed Erolcha
 59986 | Orc:2    | Killed Erolcha
 60001 | Orc:2    | Found Paonnoto's Book Shop.
 60057 | Orc:2    | Found an ancient bone altar of Kikubaaqudgha.
 60077 | Orc:2    | Learned a level 4 spell: Vhi's Electric Charge
 60077 | Orc:2    | Bought a manual of Translocations for 1120 gold pieces
 60107 | Orc:2    | Found Tary's Magic Scroll Boutique.
 60111 | Orc:2    | Found Nais's Antique Weapon Boutique.
 60737 | Elf:1    | Entered Level 1 of the Elven Halls
 60761 | Elf:1    | Found a radiant altar of Vehumet.
 60799 | Elf:1    | Reached skill level 1 in Air Magic
 61096 | Elf:1    | Reached skill level 18 in Translocations
 61454 | Elf:1    | Found Sung's General Store.
 61454 | Elf:1    | Found Tenakuck's Assorted Antiques.
 61455 | Elf:1    | Found Gymma's Distillery.
 61460 | Elf:1    | Found Zotsikuh's Assorted Antiques.
 61480 | Elf:1    | Bought a bone dagger for 252 gold pieces
 61480 | Elf:1    | Identified the +5 dagger of Agofrumo {venom, rN+ Str+2}
                  | (You bought it in a shop on level 1 of the Elven Halls)
 61496 | Elf:1    | Bought a potion of heal wounds for 80 gold pieces
 62119 | Elf:2    | Reached XP level 21. HP: 111/111 MP: 26/42
 62241 | Elf:2    | Found a runed translucent gate.
 62242 | Elf:2    | Found a runed translucent gate.
 62242 | Elf:2    | Found a runed translucent gate.
 62302 | Elf:2    | Reached skill level 19 in Translocations
 62729 | Elf:3    | Entered Level 3 of the Elven Halls
 62730 | Elf:3    | Found Luori's Jewellery Boutique.
 62835 | Elf:3    | Reached skill level 15 in Evocations
 62934 | Elf:3    | Reached skill level 20 in Translocations
 63049 | Elf:3    | Noticed Asterion
 63055 | Elf:3    | Killed Asterion
 63286 | Elf:3    | Noticed Norris
 63292 | Elf:3    | Reached skill level 21 in Translocations
 63292 | Elf:3    | Killed Norris
 63575 | Elf:3    | Reached skill level 22 in Translocations
 63594 | Elf:3    | Reached skill level 23 in Translocations
 63674 | Elf:3    | Noticed Zenata
 63688 | Elf:3    | Killed Zenata
 63707 | Elf:3    | Reached skill level 24 in Translocations
 63778 | Elf:3    | Identified the +3 quarterstaff of Contradiction {flame,
                  | +Blink rElec MP+9 Str-5}
 64026 | Elf:3    | Identified the ring "Calu" {Int+3 SInv}
 64072 | Elf:3    | Learned a level 5 spell: Irradiate
 64076 | Elf:3    | Learned a level 3 spell: Swiftness
 64084 | Elf:3    | Learned a level 7 spell: Enfeeble
 64093 | Elf:3    | Learned a level 8 spell: Infestation
 64102 | Elf:3    | Got Zakhukli's Elucidation of Despicable Liturgies and
                  | Chilblains
 64110 | Elf:3    | Learned a level 6 spell: Death Channel
 64110 | Elf:3    | Identified the staff "Ruokh" {rElec Int+2 Earth}
 64114 | Elf:3    | Got Sif Muna's Excursus on Breezy Grit
 64152 | Elf:3    | Got the Writings on Twisted Geology
 64394 | Elf:2    | Learned a level 5 spell: Borgnjor's Vile Clutch
 65146 | Depths:1 | Entered Level 1 of the Depths
 65242 | Depths:1 | Reached XP level 22. HP: 116/116 MP: 15/43
 65502 | Depths:1 | Identified the +5 sling of Conscience {heavy, ^Contam
                  | Int+3}
 65915 | Depths:1 | Found a gateway to Hell.
 66103 | Depths:1 | Reached skill level 5 in Earth Magic
 66465 | Depths:2 | Acquired 1025 gold pieces
 66909 | Depths:2 | Identified the +6 falchion of Karma {vamp, rElec rC+ Str-2}
 67515 | Depths:2 | Found a one-way gate leading to the halls of Pandemonium.
 67523 | Depths:2 | Reached skill level 10 in Necromancy
 67953 | Depths:2 | Identified the +1 demon blade of Gravity {pain, +Blink
                  | rElec rF++ MP-9}
 68051 | Depths:2 | Found a shimmering blue altar of Sif Muna.
 68056 | Depths:2 | Identified the amulet of Symmetry {RegenMP Slay+2}
 68336 | Depths:3 | Found a one-way gateway to a ziggurat.
 68466 | Depths:3 | Found a one-way gate to the infinite horrors of the Abyss.
 68548 | Depths:3 | Noticed a juggernaut
 68552 | Depths:3 | Noticed a juggernaut
 68561 | Depths:3 | Killed a juggernaut
 68564 | Depths:3 | Killed a juggernaut
 68565 | Depths:3 | Reached XP level 23. HP: 123/123 MP: 5/44
 69502 | Depths:4 | Entered Level 4 of the Depths
 70202 | Depths:4 | Found a gate to the Realm of Zot.
 70370 | Depths:4 | Noticed Ycsaax's ghost (veteran MiBe)
 70375 | Depths:4 | Found a runed translucent door.
 70885 | Depths:4 | Killed Ycsaax's ghost
 71418 | D:12     | Got the Elucidation of the Scars
 72235 | Swamp:4  | Killed Mlioglotl
 72883 | Vaults:5 | Killed a dread lich
 72917 | Vaults:5 | Reached XP level 24. HP: 129/129 MP: 13/44
 73014 | Vaults:5 | Noticed a dread lich
 73023 | Vaults:5 | Killed a dread lich
 73024 | Vaults:5 | Reached skill level 15 in Stealth
 74124 | Vaults:5 | Got the Parchment of the Bonfire and the Storm
 74457 | Vaults:5 | Got a silver rune of Zot
 75281 | Elf:3    | Bought the ring of Yesterday {rC+ Will+ Str+3 Dex+3} for
                  | 670 gold pieces
 75604 | Slime:1  | Entered Level 1 of the Pits of Slime
 76182 | Slime:2  | Reached skill level 15 in Necromancy
 77388 | Slime:5  | Entered Level 5 of the Pits of Slime
 77394 | Slime:5  | Reached XP level 25. HP: 135/135 MP: 27/44
 77400 | Slime:5  | Noticed the Royal Jelly
 77403 | Slime:5  | Reached skill level 15 in Fighting
 77419 | Slime:5  | Killed the Royal Jelly
 77912 | Slime:5  | Got a slimy rune of Zot
 77948 | Slime:5  | Got Sif Muna's Directory of the Radiant Escort
 77986 | Slime:5  | Identified the blade talisman of Parsimonious Freedom
                  | {*Corrode rC- rN+++ Str+4}
 78001 | Slime:5  | Identified the amulet of Doublynt {rPois Will+++ Regen+
                  | Int-5}
 78017 | Slime:5  | Identified the +9 mace of Ash {holy, rN+}
 78462 | Depths:3 | Voluntarily entered the Abyss.
 78818 | Abyss:4  | Found a corrupted altar of Lugonu.
 78834 | Abyss:4  | Found a corrupted altar of Lugonu.
 78963 | Abyss:4  | Got an abyssal rune of Zot
 78978 | Depths:3 | Escaped the Abyss
 79155 | Pan      | Entered Pandemonium
 79409 | Pan      | Found an exit through the horrors of the Abyss.
 79463 | Pan      | Noticed Femiudaso the pandemonium lord
 79465 | Pan      | Gained mutation: You are dopey. (Int -2) [a cacodemon]
 79478 | Pan      | Killed Femiudaso the pandemonium lord
 79613 | Pan      | Gained mutation: You have hidden genetic defects. [a
                  | cacodemon]
 79618 | Pan      | Lost mutation: You have hidden genetic defects. [potion of
                  | mutation]
 79618 | Pan      | Lost mutation: You are dopey. (Int -2) [potion of mutation]
 79618 | Pan      | Gained mutation: You are clumsy. (Dex -2) [potion of
                  | mutation]
 79618 | Pan      | Gained mutation: You are occasionally teleported next to
                  | monsters. [potion of mutation]
 79618 | Pan      | Gained mutation: You expend magic power (3 MP) to
                  | strengthen your wands. [potion of mutation]
 79618 | Pan      | Gained mutation: Your mind is acute. (Int +4, Str/Dex -1)
                  | [potion of mutation]
 79619 | Pan      | Lost mutation: You are clumsy. (Dex -2) [potion of
                  | mutation]
 79619 | Pan      | Lost mutation: You expend magic power (3 MP) to strengthen
                  | your wands. [potion of mutation]
 79619 | Pan      | Gained mutation: You are partially covered in iridescent
                  | scales. (AC +2) [potion of mutation]
 79620 | Pan      | Lost mutation: You are partially covered in iridescent
                  | scales. (AC +2) [potion of mutation]
 79620 | Pan      | Lost mutation: You are occasionally teleported next to
                  | monsters. [potion of mutation]
 79620 | Pan      | Gained mutation: You are agile. (Dex +4, Str/Int -1)
                  | [potion of mutation]
 79620 | Pan      | Gained mutation: Your health recovers twice as slowly from
                  | being drained. [potion of mutation]
 79656 | Pan      | Noticed Giufoab the pandemonium lord
 79669 | Pan      | Killed Giufoab the pandemonium lord
 79913 | Pan      | Reached skill level 1 in Alchemy
 80135 | Pan      | Noticed Ysavefemu the pandemonium lord
 80137 | Pan      | Reached skill level 1 in Conjurations
 80171 | Pan      | Found a transporter.
 80171 | Pan      | Found a transporter.
 80171 | Pan      | Found a transporter.
 80176 | Pan      | Found a transporter.
 80266 | Pan      | Identified the amulet of Tiofeuxa {Spirit rElec rF+ Int-2}
 80631 | Pan      | Found a transporter.
 80696 | Pan      | Identified the +1 quarterstaff "Astrin" {heavy, rPois
                  | Str+6}
 81046 | Pan      | Noticed Qiafiap the pandemonium lord
 81053 | Pan      | Killed Qiafiap the pandemonium lord
 81060 | Pan      | Identified the +7 orcbow of Death's Door {heavy, rC+ Dex+4}
 81302 | Pan      | Gained mutation: Your body sometimes deteriorates upon
                  | taking damage. [a cacodemon]
 81349 | Pan      | Noticed Volyclo the pandemonium lord
 81354 | Pan      | Reached skill level 5 in Alchemy
 81365 | Pan      | Reached XP level 26. HP: 141/141 MP: 10/44
 81508 | Pan      | Killed Volyclo the pandemonium lord
 81512 | Pan      | Identified the +2 quarterstaff of Flawed Execution {elec,
                  | rN++ Str-3 Dex+2 SInv}
 81846 | Pan      | Got a demonic rune of Zot
 82101 | Pan      | Entered the realm of Gloorx Vloq.
 82745 | Pan      | Noticed Gloorx Vloq
 82754 | Pan      | Killed Gloorx Vloq
 82833 | Pan      | Got a dark rune of Zot
 83795 | Pan      | Noticed Befaf the pandemonium lord
 83803 | Pan      | Killed Befaf the pandemonium lord
 84268 | Pan      | Reached skill level 10 in Hexes
 84527 | Pan      | Reached XP level 27. HP: 150/150 MP: 39/44
 84582 | Pan      | Reached skill level 5 in Conjurations
 85012 | Pan      | Found an exit through the horrors of the Abyss.
 85044 | Pan      | Took an exit into the Abyss.
 85044 | Abyss:5  | Escaped into the Abyss
 85044 | Abyss:5  | Found a corrupted altar of Lugonu.
 85047 | Depths:2 | Escaped the Abyss
 85126 | Zot:1    | Entered Level 1 of the Realm of Zot
 85359 | D:8      | Bought the death talisman of Indemnity {Int+3} for 1731
                  | gold pieces
 85902 | Zot:5    | Entered Level 5 of the Realm of Zot
 85956 | Zot:5    | Got a prismatic gem with 506 turns to spare
 86013 | Zot:5    | Noticed an ancient lich
 86018 | Zot:5    | Noticed an ancient lich
 86021 | Zot:5    | Noticed an orb of fire
 86030 | Zot:5    | Noticed an orb of fire
 86049 | Zot:5    | Got the Orb of Zot
 86054 | Zot:5    | Gained mutation: Your magical capacity is low. (-10% MP)
                  | [mutagenic glow]
 86070 | Zot:5    | Killed an orb of fire
 86073 | Zot:5    | Killed a dread lich
 86079 | Zot:5    | Killed an ancient lich
 86087 | Zot:5    | Gained mutation: You are weak. (Str -2) [mutagenic glow]
 86157 | Zot:2    | Noticed Seojithra the pandemonium lord
 86647 | D:$      | Escaped with the Orb!

Illustrated notes

Levels and vault maps discovered:
D:1:      beargit_arrival_greenhouse, layout_rooms, minivault_5
D:2:      layout_basic, serial_curves, eino_curves_04, eino_curves_03,
          eino_curves_01, basic_altar
D:3:      layout_rooms, tso_oasis_becter, grunt_ministairs_13
D:4:      layout_rooms, kennysheep_mini_moat,
          lemuel_mausoleum_altar_yredelemnul, minmay_temple_entry_arrows,
          uniq_natasha
D:5:      layout_gridville, serial_shops, shop, uniq_crazy_yiuf_cottage,
          uniq_edmund, uniq_sigmund, uniq_ijyb
D:6:      minmay_recursive_quarters, layout_loops_ring,
          mainiacjoe_overflow_catwalk_spiral, grunt_decor_fettered,
          hangedman_abyss_or_decor_passed, nrook_pool_corridor,
          roadster_capsule_ark_zombie
D:7:      layout_gridville, mainiacjoe_overflow_alcove_4,
          pdpol_wu_jian_five_deadly_venoms, uniq_pikel
D:8:      layout_cave_pods, lair_entry_dummy, serial_shops, shop,
          nicolae_shop_tiny_waterfront, shop_statue, nicolae_diamond_shop,
          nicolae_shop_waterfront, uniq_psyche
D:9:      nzn_winding_woodlands_three_and_one [nzn_winding_woodlands_5x15_eye,
          nzn_winding_woodlands_5x15_jagged, nzn_winding_woodlands_5x15_default,
          nzn_winding_woodlands_center_triple_pond], layout_loops_corners,
          lemuel_crystal_altar, mainiacjoe_overflow_brackets, david_orc_2,
          skrybe_limestone_x
D:10:     layout_cross, regret_index_xom_of_box, serial_shops,
          nicolae_lakefront_shop
D:11:     layout_roguey, hex_large
D:12:     cheibrodos_hippocracy, layout_long_grid, uniq_maurice
D:13:     layout_roguey, uniq_jorgrun
D:14:     regret_index_combs_of_tragedy, layout_basic, hellmonk_vaults_keyhole,
          nicolae_sif_muna_condensation, minivault_20
D:15:     hangedman_depths_entry_civil_slaughter, layout_long_grid,
          minmay_misc_feat_more_columns, lemuel_flamethrower_3
Temple:   chequers_temple_sunken
Lair:1:   layout_regular_city, grunt_megastairs_3, uniq_fannar, uniq_harold,
          uniq_amaemon
Lair:2:   layout_cave_shapes, minivault_19
Lair:3:   dragon1_lemuel, layout_gridlike, nicolae_swamp_entry_splash_gauntlet,
          hellmonk_spider_entry_life_and_decay, serial_bayou_pond_c,
          nicolae_quartered_pool_super
Lair:4:   layout_hall_layers
Lair:5:   grunt_lair_end_beastmaster, layout_cave_pods,
          minmay_slime_entry_pillars, infiniplex_staircase_pool_2,
          grunt_megastairs_5
Swamp:1:  layout_basic_swamp, evilmike_swamp_ruin_rubble_2, uniq_kirke
Swamp:2:  layout_basic_swamp, evilmike_swamp_ruin_house_3, swamp_pool_1_2,
          hangedman_swamp_wriggling, uniq_roxanne, uniq_louise
Swamp:3:  layout_basic_swamp, portal_ice_cave_entry_pillars_2,
          lemuel_altar_in_water
Swamp:4:  swamp_basic_johnstein, layout_basic_swamp, swamp_pool_3,
          tekkud_bubbles_buried_in_this_jungle,
          nicolae_swamp_decorative_isthmus, infiniplex_staircase_pool,
          uniq_mlioglotl
Spider:1: layout_spider_delve, nicolae_spider_some_kinda_spiderbox,
          hangedman_spider_tarantella_strand
Spider:2: layout_chambers, special_room [special_room_bee],
          guppyfry_hornet_nest, uniq_arachne
Spider:3: layout_chambers, uniq_aizul
Spider:4: hellmonk_spider_rune_bug_friends, hive_lemuel
Slime:1:  layout_caves
Slime:2:  layout_caves
Slime:3:  layout_caves
Slime:4:  layout_caves, nicolae_slime_phagocytosis
Slime:5:  slime_pit_nicolae_jellycorners
Orc:1:    layout_caves
Orc:2:    kennysheep_orc_mage_school, layout_caves, serial_shops, shop
Elf:1:    eino_elf_arrival_altar, layout_loops_corners,
          hangedman_elven_crosses_minicolossus, minmay_shoptagon
Elf:2:    nicolae_elf_blades_crystal_corner, layout_geoelf_diagonals
Elf:3:    minmay_elf_hall_x, layout_gridlike, serial_shops,
          nicolae_shop_gaudy_bauble, nicolae_elf_stone_circles,
          hangedman_decor_cross_pass, uniq_norris, uniq_asterion, uniq_zenata
Vaults:1: v_misc_11, grunt_vaults_twisty, nicolae_vaults_trapezoid_1,
          nicolae_vaults_variable_pillar_hall, nicolae_vaults_lightning_bolt,
          nicolae_vaults_more_shelving_1, layout_vaults_big_room
Vaults:2: nicolae_vaults_trapezoid_layered, nicolae_vaults_more_shelving_2,
          v_misc_29, nicolae_vaults_corridor_and_loot_room,
          nicolae_vaults_closet_pinwheel_4, nicolae_vaults_tetromino_T_1,
          v_misc_11, layout_vaults_quadrants
Vaults:3: minmay_crypt_entry_simple_walls, v_pattern_3,
          ontoclasm_vaults_ligature, v_misc_12,
          nicolae_vaults_closet_pinwheel_4, nicolae_vaults_door_testing_chamber,
          nicolae_vaults_triangles, nicolae_vaults_halls_meeting,
          nicolae_vaults_storage_closets_1, vaults_room_pool,
          nicolae_vaults_little_ls, layout_vaults_omnicross, serial_shops,
          nicolae_shop_peninsula
Vaults:4: ontoclasm_vaults_hangar, vaults_mumra_chevron_long,
          hangedman_vaults_cutoff, nicolae_vaults_little_squares_3,
          ontoclasm_vaults_ring_square, ontoclasm_vaults_spin, vaults_room_grid,
          v_rooms_6, vaults_dpeg_doors, nicolae_vaults_layer_cake_slice,
          hangedman_vaults_maws, hangedman_vaults_impose, v_pattern_2,
          vaults_dpeg_cross, layout_vaults_maze_bifur, serial_shops, shop,
          uniq_frederick, uniq_saint_roka
Vaults:5: serial_shops
Depths:1: layout_basic, grunt_hell_entry_dis_mu, grunt_decor_junction,
          nicolae_zig_zag_zippers
Depths:2: cheibrodos_poisonous_passages, layout_basic, hellmouth_1,
          rand_demon_pan_entry_4, grunt_ministairs_9, hangedman_summoners_spam,
          infiniplex_staircase_river, serial_bayou_shore_b, serial_bayou_shore_b
Depths:3: hourglass_vault, layout_basic, enter_ziggurat_f, hell_entry,
          abyss_entry
Depths:4: grunt_zot_entry_pinwheel, layout_basic,
          hellmonk_ghost_happy_afterlife, grunt_hell_entry_demonic_statue,
          grunt_pan_entry_in_and_out, serial_rivers,
          chequers_serial_rivers_micro_c, chequers_serial_rivers_marsh,
          chequers_serial_rivers_room_a, chequers_serial_rivers_room_a,
          chequers_serial_rivers_micro_e, chequers_serial_rivers_large_a
Zot:1:    hellmonk_crystal_mountain, layout_concentric_octagons
Zot:2:    layout_gridlike, ebering_ghost_gozag, st_small_dragon_hoard_4
Zot:3:    gammafunk_dig_for_victory, layout_gridlike, ebering_ghost_rock_garden
Zot:4:    grunt_twist_and_shout, layout_cathedral_of_symmetry,
          regret_index_zotdec_silver_v_v_loose
Zot:5:    layout_misc_corridors

Skill      XL: |  1  2  3  4  5  6  7  8  9 10 11 12 13 14 15 16 17 18 19 20 21 22 23 24 25 26 27 |
---------------+----------------------------------------------------------------------------------+-----
Stealth        | 2 3 4 6 10 11 13 14 17 18 | 18.0
Dodging        | 3 5 6 7 9 11 12 15 16 18 20 21 23 | 23.0
Short Blades   | 1 2 4 5 6 8 10 | 10.0
Ranged Weapons | 2 3 4 8 10 | 10.1
Fighting       | 3 5 6 8 10 11 12 13 14 15 17 18 | 18.2
Hexes          | 5 6 9 10 13 | 13.1
Evocations     | 3 4 9 11 14 15 16 18 20 | 20.0
Ice Magic      | 1 3 4 |  4.4
Long Blades    | 2 6 8 10 11 13 | 13.1
Spellcasting   | 6 12 13 16 | 16.2
Translocations | 5 13 16 17 18 24 | 24.8
Shapeshifting  | 5 11 16 17 18 19 20 21 22 23 | 23.0
Shields        | 2 4 5 6 8 |  8.0
Necromancy     | 3 7 8 10 14 15 | 15.0
Earth Magic    | 3 4 5 |  5.0
Air Magic      | 2 |  2.0
Alchemy        | 5 9 |  9.0
Conjurations   | 3 4 5 |  5.0
Unarmed Combat | |  2.4

Action                     |  1- 3 |  4- 6 |  7- 9 | 10-12 | 13-15 | 16-18 | 19-21 | 22-24 | 25-27 || total
---------------------------+-------+-------+-------+-------+-------+-------+-------+-------+-------++-------
  Melee: Unarmed           |    64 |       |       |       |       |       |       |       |       ||    64
         Punch             |     5 |     7 |    44 |    32 |    44 |    17 |       |       |       ||   149
         Short sword       |    74 |    60 |    56 |   243 |   145 |       |       |       |       ||   578
         Dagger            |       |    43 |   423 |    11 |    72 |     2 |       |       |       ||   551
         Scimitar          |       |       |       |       |   380 |  1870 |   413 |       |       ||  2663
         Demon blade       |       |       |       |       |       |       |  1259 |  1647 |  1666 ||  4572
   Fire: Sling             |       |    29 |    48 |       |       |       |       |       |       ||    77
         Orcbow            |       |       |       |   430 |   749 |       |       |       |       ||  1179
  Throw: Dart              |       |       |     1 |     1 |     3 |       |     1 |       |       ||     6
         Throwing net      |       |       |       |     1 |     2 |       |       |       |     1 ||     4
   Cast: Passwall          |       |       |       |       |     2 |     3 |       |       |     1 ||     6
         Manifold Assault  |       |       |       |       |   213 |   918 |   665 |   534 |   575 ||  2905
         Ozocubu's Armour  |       |       |       |       |     1 |     1 |     1 |       |     1 ||     4
         Fugue of the Fall |       |       |       |       |       |       |    11 |    34 |    12 ||    57
         Death Channel     |       |       |       |       |       |       |       |    28 |    11 ||    39
         Borgnjor's Vile C |       |       |       |       |       |       |       |       |     1 ||     1
 Invoke: Potion Petition   |       |       |       |       |       |     3 |       |     2 |     5 ||    10
         Bribe Branch      |       |       |       |       |       |       |       |       |     5 ||     5
  Evoke: Wand              |       |       |       |     1 |     6 |     9 |       |       |     7 ||    23
         Tin of tremorston |       |       |       |       |     1 |     3 |       |     2 |     2 ||     8
         Phantom mirror    |       |       |       |       |       |     4 |     2 |       |     1 ||     7
         Lightning rod     |       |       |       |       |       |     3 |       |       |       ||     3
         Phial of floods   |       |       |       |       |       |       |     2 |       |       ||     2
         Sack of spiders   |       |       |       |       |       |       |       |       |     1 ||     1
    Use: Scroll            |       |     1 |     6 |     4 |    10 |    16 |     5 |     3 |    19 ||    64
         Potion            |       |       |       |       |     1 |     2 |       |     3 |    10 ||    16
   Stab: Sleeping          |     6 |    11 |    15 |     9 |     9 |       |     5 |     2 |     4 ||    61
         Distracted        |       |       |     4 |     4 |     5 |    10 |     7 |    18 |    31 ||    79
         Held in net/web   |       |       |       |       |     2 |       |       |       |     1 ||     3
         Invisible         |       |       |       |       |       |       |       |     2 |       ||     2
 Armour: Animal skin       |    30 |    24 |    18 |       |       |       |       |       |       ||    72
         Robe              |       |       |    55 |    39 |   126 |   162 |       |       |       ||   382
         Ice dragon scales |       |       |       |       |       |    25 |       |       |       ||    25
         Skin              |       |       |       |       |       |   139 |   223 |   304 |   271 ||   937
  Dodge: Dodged            |   106 |    60 |   230 |   234 |   538 |  1062 |   692 |   980 |  1321 ||  5223
         Repelled          |       |       |       |       |       |     2 |    13 |    15 |     7 ||    37
  Block: Buckler           |       |       |       |       |       |   209 |   172 |   206 |   430 ||  1017
         Reflection        |       |       |       |       |       |     4 |    15 |     1 |       ||    20
         Form:             |       |       |     1 |       |       |     1 |       |       |       ||     2
         Beast             |       |       |     1 |       |       |       |       |       |       ||     1
         Statue            |       |       |       |       |       |     2 |       |       |     1 ||     3
         Death             |       |       |       |       |       |       |       |       |     1 ||     1

Table legend: (Time is in decaauts)
 A = Elapsed time spent in this place.
 B = Non-inter-level travel time spent in this place.
 C = Inter-level travel time spent in this place.
 D = Time resting spent in this place.
 E = Time spent auto-exploring this place.
 F = Levels seen in this place.
 G = Mean time per level.
                   A        B        C        D        E       F      G
               +--------+--------+--------+--------+--------+-----+--------+
         Total |  95488 |  84046 |  11442 |  15520 |  51087 |  72 | 1326.2 |
       Dungeon |  19129 |  14107 |   5022 |   2892 |   7537 |  15 | 1275.3 |
        Temple |     19 |      2 |     17 |      0 |      0 |   1 |   19.0 |
          Lair |   8867 |   7415 |   1452 |   3018 |   2923 |   5 | 1773.4 |
         Swamp |  10537 |   9706 |    831 |   4138 |   4124 |   4 | 2634.2 |
   Spider Nest |   9520 |   8894 |    626 |   1444 |   6494 |   4 | 2380.0 |
    Slime Pits |   3694 |   3479 |    215 |     15 |   2812 |   5 |  738.8 |
  Orcish Mines |   2801 |   2519 |    282 |    150 |   2100 |   2 | 1400.5 |
   Elven Halls |   6472 |   5789 |    683 |    104 |   4686 |   3 | 2157.3 |
        Vaults |  12666 |  11697 |    969 |   1250 |   8427 |   5 | 2533.2 |
        Depths |   9449 |   8368 |   1081 |    386 |   6774 |   4 | 2362.2 |
           Zot |    885 |    627 |    258 |      0 |      0 |   5 |  177.0 |
         Abyss |    728 |    728 |      0 |      6 |      0 |   6 |  121.3 |
   Pandemonium |   8292 |   8292 |      0 |    647 |   4590 |  12 |  691.0 |
      Ice Cave |   2424 |   2424 |      0 |   1466 |    616 |   1 | 2424.0 |
               +--------+--------+--------+--------+--------+-----+--------+

Top non-repeatable levels by time:
  Lair:3: 4419 daAuts
 Swamp:2: 3743 daAuts
 Swamp:4: 3412 daAuts
Spider:2: 3242 daAuts
Depths:2: 3196 daAuts
Vaults:2: 2907 daAuts
    D:14: 2873 daAuts
Vaults:5: 2613 daAuts
Vaults:4: 2579 daAuts
   Elf:3: 2530 daAuts
   IceCv: 2424 daAuts
Spider:4: 2343 daAuts
Depths:4: 2336 daAuts
Vaults:1: 2292 daAuts
Vaults:3: 2274 daAuts
